 Dungeon Crawl Stone Soup version 0.29-a0-340-g6efceafd81 (webtiles) character file.

Game seed: 7788824400440709144

16 jsc133 the Skirmisher (level 2, -1/27 HPs)
             Began as a Minotaur Monk on Apr 19, 2022.
             Slain by a kobold
             ... wielding a +0 dagger
              (3 damage)
             ... on level 2 of the Dungeon.
             The game lasted 00:02:17 (278 turns).

jsc133 the Skirmisher (Minotaur Monk)                Turns: 278, Time: 00:02:17

Health: -1/27      AC:  2    Str: 11    XL:     2   Next: 37%
Magic:  1/1        EV: 13    Int: 10    God:
Gold:   29         SH:  0    Dex: 16    Spells: 1/1 levels left

rFire   + . .      SeeInvis +     - Unarmed
rCold   + . .      Faith    .   (no shield)
rNeg    . . .      Spirit   .   a - +0 robe
rPois   +          Reflect  .   (helmet restricted)
rElec   +          Harm     .   (no cloak)
rCorr   +          Rampage  .   (no gloves)
Will    .....                   (no boots)
Stlth   ++........              (no amulet)
HPRegen 0.09/turn               f - ring "Pusil" {+Blink Str-4 Int+3 Dex+4 SInv}
MPRegen 0.07/turn               (no ring)

@: resistant
A: horns 2, retaliatory headbutt
a: Evoke Blink


You were on level 2 of the Dungeon.
You visited 1 branch of the dungeon, and saw 2 of its levels.

You collected 29 gold pieces.

Inventory:

Armour
 a - a +0 robe (worn)
Jewellery
 f - the ring "Pusil" (left hand) {+Blink Str-4 Int+3 Dex+4 SInv}
   (You found it on level 2 of the Dungeon)

   [ring of see invisible]

   Str:       It affects your strength (-4).
   Int:       It affects your intelligence (+3).
   Dex:       It affects your dexterity (+4).
   SInv:      It lets you see invisible.
   +Blink:    It lets you blink.
Scrolls
 c - a scroll of vulnerability {unknown}
 g - a scroll of magic mapping {unknown}
 h - a scroll of silence {unknown}
 i - a scroll of enchant weapon {unknown}
 j - a scroll of torment {unknown}
Potions
 d - a potion of berserk rage {unknown}


   Skills:
 + Level 4.1 Fighting
 + Level 3.6 Dodging
 + Level 1.5 Stealth
 + Level 3.5 Unarmed Combat


You had one spell level left.
You didn't know any spells.
Your spell library was empty.

Dungeon Overview and Level Annotations

Branches:
Dungeon (2/15)

Altars:


Innate Abilities, Weirdness & Mutations

You have a pair of horns on your head.
You reflexively headbutt those who attack you in melee.


Message History

The kobold hits you with a +0 short sword.
The kobold misses you. The kobold completely misses you.
The kobold attacks as you move away! The kobold barely misses you.
The kobold misses you.
There is an open gate here.
You're too confused to move!
You feel less invigorated.
You feel less confused. The kobold hits you but does no damage.
The kobold hits you with a +0 dagger.
The kobold throws a stone.
The stone hits you. The kobold closely misses you. The kobold misses you.
The kobold closely misses you. The kobold hits you with a +0 dagger.
Things that are here:
a +0 whip; a kobold corpse You barely miss the kobold.
Your headbutt misses the kobold. The kobold closely misses you.
The kobold hits you but does no damage. The kobold hits you with a +0 dagger.
* * * LOW HITPOINT WARNING * * *
The kobold hits you with a +0 dagger.
* * * LOW HITPOINT WARNING * * *
You hit the kobold but do no damage. The kobold barely misses you.
You furiously retaliate!
You headbutt the kobold.
You kill the kobold!
The kobold hits you with a +0 short sword.
* * * LOW HITPOINT WARNING * * *
The kobold hits you but does no damage. The kobold closely misses you.
You hit the kobold.
You kill the kobold!
The kobold barely misses you. The kobold hits you but does no damage.
You closely miss the kobold. The kobold hits you with a +0 dagger.
* * * LOW HITPOINT WARNING * * *
The kobold hits you but does no damage.
You hit the kobold.
The kobold is moderately wounded.
The kobold hits you with a +0 dagger.
* * * LOW HITPOINT WARNING * * *
The kobold misses you.
You hit the kobold. Your headbutt misses the kobold.
The kobold is severely wounded.
The kobold hits you with a +0 dagger.
You die...

........
##.#.#.##.#.. ....#
#.##.##.##.#.#..
#..# #....).........
#.>######.##.#..####
#......(.......##
###..####.#...##
#.....##.#####
##)''###.# #)@K# ###
#.K$..# #.......#
#....?..# #.......#
#..$....# #....####
#....+


You could see 2 kobolds.

Vanquished Creatures
  A goblin (D:2)
  A hobgoblin (D:2)
  6 jackals (D:2)
  3 kobolds (D:2)
  A bat (D:2)
  A frilled lizard (D:2)
  A rat (D:2)
14 creatures vanquished.

Vanquished Creatures (others)
  9 toadstools (D:2)
9 creatures vanquished.

Grand Total: 23 creatures vanquished

Notes
Turn   | Place    | Note
-------+----------+-------------------------------------------
     0 | D:1      | jsc133 the Minotaur Monk began the quest for the Orb.
     0 | D:1      | Reached XP level 1. HP: 19/19 MP: 0/0
    47 | D:2      | Identified the ring "Pusil" {+Blink Str-4 Int+3 Dex+4 SInv}
    69 | D:2      | Reached XP level 2. HP: 10/27 MP: 1/1
   156 | D:2      | Reached skill level 4 in Fighting
   265 | D:2      | HP: 1/27 [kobold/+0 short sword (4)]
   277 | D:2      | HP: 1/27 [kobold/+0 dagger (1)]
   278 | D:2      | Slain by a kobold

Illustrated notes

Levels and vault maps discovered:
D:1:      heliophobic_arrival_battle_scene, layout_loops_ring
D:2:      cheibrodos_fertilizer, layout_loops_ring,
          chequers_serial_rivers_micro_d, minmay_misc_feat_five, uniq_jessica

Skill      XL: |  1  2 |
---------------+-------+-----
Fighting       | 4 |  4.1
Dodging        | |  3.6
Stealth        | |  1.5
Unarmed Combat | |  3.5

Action                   || total
-------------------------++-------
Melee: Unarmed           ||    40
       Headbutt          ||     3
  Use: Potion            ||     2
 Stab: Sleeping          ||     1
Armor: Robe              ||    17
Dodge: Dodged            ||    51

Table legend: (Time is in decaauts)
 A = Elapsed time spent in this place.
 B = Non-inter-level travel time spent in this place.
 C = Inter-level travel time spent in this place.
 D = Time resting spent in this place.
 E = Time spent auto-exploring this place.
 F = Levels seen in this place.
 G = Mean time per level.
                   A        B        C        D        E       F      G
               +--------+--------+--------+--------+--------+-----+--------+
         Total |    274 |    274 |      0 |      0 |      0 |   2 |  137.0 |
       Dungeon |    274 |    274 |      0 |      0 |      0 |   2 |  137.0 |
               +--------+--------+--------+--------+--------+-----+--------+

Top non-repeatable levels by time:
     D:2: 253 daAuts
     D:1: 21 daAuts
